 Dungeon Crawl Stone Soup version 0.29.1-14-g9c671dbff4 (webtiles) character file.

Game seed: 14052189033218113318

2312 protoss039 the Digger (level 9, -2/69 HPs)
             Began as a Demonspawn Earth Elementalist on Feb 17, 2023.
             Was an Initiate of Vehumet.
             Succumbed to an orc wizard's poison
             ... on level 8 of the Dungeon.
             The game lasted 00:13:19 (8219 turns).

protoss039 the Digger (DsEE)                        Turns: 8219, Time: 00:13:19

Health: -2/69      AC: 10    Str:  6 (8)  XL:     9   Next: 18%
Magic:  1/17       EV:  9    Int: 18 (21) God:    Vehumet [......]
Gold:   395        SH:  0    Dex: 12 (14) Spells: 13/19 levels left

rFire   . . .      SeeInvis .   j - +3 short sword
rCold   . . .      Faith    .   (no shield)
rNeg    . . .      Spirit   .   A - +2 ring mail {Will+}
rPois   .          Reflect  .   (helmet restricted)
rElec   .          Harm     .   B - +0 cloak
rCorr   +          Rampage  .   (no gloves)
Will    +....                   q - +0 pair of boots
Stlth   +.........              v - amulet of the acrobat
HPRegen 0.21/turn               H - ring of resist corrosion
MPRegen 0.15/turn               (no ring)

@: mighty, lethally poisoned (-2 -> -19), flying
A: claws 1, horns 2, demonic guardian 1, powered by death 3
a: Renounce Religion


You were on level 8 of the Dungeon.
You worshipped Vehumet.
Vehumet was noncommittal.
You visited 1 branch of the dungeon, and saw 8 of its levels.

You collected 395 gold pieces.

Inventory:

Hand Weapons
 j - a +3 short sword (weapon)
 z - a +2 mace of protection
Armour
 q - a +0 pair of boots (worn)
 A - a +2 ring mail of willpower (worn)
 B - a +0 cloak (worn)
 D - the +1 robe "Werawnuo" {Fly}
   (You found it on level 6 of the Dungeon)

   Fly:       It grants you flight.
 K - a +1 leather armour of fire resistance
Magical Staves
 w - a staff of cold
Jewellery
 d - a ring of fire
 v - an amulet of the acrobat (around neck)
 H - a ring of resist corrosion (left claw)
Scrolls
 f - a scroll of brand weapon {unknown}
 g - 2 scrolls of identify
 h - 4 scrolls of teleportation
 i - a scroll of poison {unknown}
 o - 2 scrolls of butterflies {unknown}
 s - a scroll of blinking {unknown}
 t - a scroll of immolation {unknown}
 y - 2 scrolls of enchant armour {unknown}
 C - 2 scrolls of amnesia {unknown}
 I - a scroll of enchant weapon {unknown}
 J - a scroll of acquirement {unknown}
Potions
 b - a potion of magic
 c - a potion of heal wounds {unknown}
 e - a potion of degeneration
 k - a potion of lignification {unknown}
 l - 2 potions of curing {unknown}
 m - a potion of cancellation {unknown}
 n - a potion of berserk rage {unknown}
 p - a potion of haste {unknown}
 r - 2 potions of flight
 u - 2 potions of might
 x - a potion of mutation {unknown}
 E - a potion of brilliance {unknown}
 F - a potion of invisibility {unknown}
 G - a potion of attraction {unknown}


   Skills:
 + Level 5.7 Fighting
 * Level 6.0 Armour
 - Level 1.7 Dodging
 - Level 1.7 Stealth
 + Level 5.8 Spellcasting
 - Level 0.8 Transmutations
 + Level 6.0 Earth Magic


You had 13 spell levels left.
You knew the following spells:

 Your Spells              Type           Power      Damage    Failure   Level
a - Sandblast             Erth           54%        2d13      3%          1
b - Passwall              Tmut/Erth      14%        N/A       16%         2
c - Stone Arrow           Conj/Erth      32%        3d9       34%         3

Your spell library contained the following spells:

 Spells                   Type           Power      Damage    Failure   Level
 Petrify                  Tmut/Erth      17%        N/A       69%         4
 Ignite Poison            Fire/Tmut/Pois 6%         N/A       73%         3
 Conjure Flame            Conj/Fire      5%         6-21      77%         3
 Dazzling Flash           Conj/Hex       10%        N/A       77%         3
 Gell's Gravitas          Tloc           5%         N/A       77%         3
 Inner Flame              Hex/Fire       5%         N/A       77%         3
 Lesser Beckoning         Tloc           5%         N/A       77%         3
 Teleport Other           Tloc           5%         N/A       77%         3
 Cause Fear               Hex            2%         N/A       99%         4
 Sticky Flame             Conj/Fire      5%         2d3       99%         4
 Agony                    Necr           5%         N/A       100%        5
 Metabolic Englaciation   Hex/Ice        2%         N/A       100%        5
 Silence                  Hex/Air        2%         N/A       100%        5
 Statue Form              Tmut/Erth      11%        N/A       100%        6
 Discord                  Hex            2%         N/A       100%        8


Dungeon Overview and Level Annotations

Branches:
Dungeon (8/15) Zot: 26940  Temple (0/1) D:7
   Lair: D:8-11

Altars:
Gozag
Okawaru
Qazlal
Vehumet
Wu Jian

Shops:
D:2 (

Annotations:
D:4 3 runed translucent doors, Southy's ghost, novice DrFE; diceflayer's ghost, amateur DsHu; p0werm0de's ghost, amateur PaIE


Innate Abilities, Weirdness & Mutations

You have sharp fingernails.
You have a pair of horns on your head.
A weak demonic guardian rushes to your aid.
You regenerate a lot of health from kills.


Message History

Unknown command.
Casting: Sandblast (safe; 2% risk of failure)
Confirm with . or Enter, or press ? or * to list all spells.
Aiming: Sandblast (safe; 2% risk of failure)
Press: ? - help, Shift-Dir - straight line, f - orc
Aim: an orc, wielding a +0 short sword (84% to hit)
The blast of sand hits the orc.
The orc is severely wounded.
* * * LOW HITPOINT WARNING * * *
You feel extremely sick. The orc barely misses you. Something hits you.
* * * LOW HITPOINT WARNING * * *
A demonic guardian appears!
You hear some strange, mumbled words.
A puff of flame appears from out of thin air!
The puff of flame misses you.
It was a potion of flight.
You feel very buoyant.
You fly up into the air.
* * * LOW HITPOINT WARNING * * *
You feel very sick.
Your ufetubus closely misses the orc. x2; The orc hits you but does no damage.
Something hits you but does no damage. The orc barely misses you.
Unknown command.
Unknown command.
It was a potion of might.
You feel very mighty all of a sudden.
* * * LOW HITPOINT WARNING * * *
You feel very sick.
Your ufetubus barely misses the orc.
Your ufetubus closely misses the orc.
The orc barely misses you. Something hits you but does no damage.
You are more poisoned.
The orc closely misses you.
Your ufetubus barely misses the orc.
Your ufetubus hits the orc.
Unknown command.
Unknown command.
It was a potion of degeneration.
There was something very wrong with that liquid.
You feel weakened.
You feel dopey.
You feel clumsy.
You die...

#..<.....#
#..).....#
#..#######
#..# #..#
#..# #..#
#5.# #o@#
#o{# # #oo#
##. #..#
#.o.####..#
#ooo.)..#
#..o####.##
..... ..#
#### ###


You could see an orc priest, 3 orcs and a friendly ufetubus (summoned).

Vanquished Creatures
  A shadow (D:6)
  A wraith (D:7)
  A steam dragon (D:6)
  An ice beast (D:5)
  2 orc warriors
  A sky beast (D:7)
  An ogre (D:5)
  4 phantoms
  2 scorpions
  A necrophage (D:6)
  2 bullfrogs
  A howler monkey (D:4)
  2 orc priests (D:6)
  2 hounds
  A jelly (D:5)
  5 iguanas
  5 orc wizards
  10 adders
  A gnoll (D:1)
  A worm (D:4)
  A dart slug (D:4)
  16 orcs
  2 endoplasms
  9 goblins
  9 hobgoblins
  13 kobolds
  2 quokkas (D:1)
  5 ball pythons
  6 bats
  5 frilled lizards
  6 rats
119 creatures vanquished.

Vanquished Creatures (collateral kills)
  An orc warrior (D:8)
  An ice beast (D:7)
2 creatures vanquished.

Vanquished Creatures (others)
  An orc (D:6)
  4 withered plants (D:4)
5 creatures vanquished.

Grand Total: 126 creatures vanquished

Notes
Turn   | Place    | Note
-------+----------+-------------------------------------------
     0 | D:1      | protoss039 the Demonspawn Earth Elementalist began the
                  | quest for the Orb.
     0 | D:1      | Reached XP level 1. HP: 13/13 MP: 3/3
   368 | D:1      | Gained mutation: You regenerate a little health from kills.
                  | [demonic ancestry]
   368 | D:1      | Reached XP level 2. HP: 12/20 MP: 0/5
   643 | D:1      | Reached skill level 1 in Fighting
   965 | D:2      | Discovered your monstrous ancestry.
   965 | D:2      | Gained mutation: You have sharp fingernails. [demonic
                  | ancestry]
   965 | D:2      | Reached XP level 3. HP: 26/26 MP: 3/6
  1290 | D:2      | Found Nazeaz's Weapon Shop.
  1553 | D:2      | Gained mutation: You regenerate health from kills. [demonic
                  | ancestry]
  1553 | D:2      | Reached XP level 4. HP: 33/33 MP: 6/8
  1937 | D:2      | Learned a level 2 spell: Passwall
  2052 | D:3      | Found a faded altar of an unknown god.
  2500 | D:4      | Reached XP level 5. HP: 26/39 MP: 4/9
  2842 | D:4      | Gained mutation: You regenerate a lot of health from kills.
                  | [demonic ancestry]
  2842 | D:4      | Reached XP level 6. HP: 27/47 MP: 7/11
  2939 | D:4      | Found a runed translucent gate.
  2940 | D:4      | Found a runed translucent gate.
  3141 | D:4      | Found a runed translucent gate.
  3142 | D:4      | Noticed p0werm0de's ghost (amateur PaIE)
  3142 | D:4      | Noticed Southy's ghost (novice DrFE)
  3145 | D:4      | Noticed diceflayer's ghost (amateur DsHu)
  3379 | D:4      | Found a stormy altar of Qazlal.
  3811 | D:5      | Entered Level 5 of the Dungeon
  3811 | D:5      | Noticed an ice beast
  3902 | D:5      | Reached skill level 1 in Armour
  3949 | D:5      | Killed an ice beast
  4083 | D:5      | Gained mutation: You have a pair of small horns on your
                  | head. [demonic ancestry]
  4083 | D:5      | Reached XP level 7. HP: 45/53 MP: 8/13
  4416 | D:5      | Found an opulent altar of Gozag.
  4417 | D:5      | Found an ornate altar of the Wu Jian Council.
  5104 | D:6      | Identified the +1 robe "Werawnuo" {Fly}
  5125 | D:6      | Noticed a steam dragon
  5130 | D:6      | Killed a steam dragon
  5220 | D:6      | Found a radiant altar of Vehumet.
  5355 | D:6      | Became a worshipper of Vehumet
  5415 | D:6      | Reached skill level 5 in Earth Magic
  5417 | D:6      | Gained mutation: A weak demonic guardian rushes to your
                  | aid. [demonic ancestry]
  5417 | D:6      | Reached XP level 8. HP: 61/61 MP: 9/15
  5844 | D:6      | Reached skill level 5 in Spellcasting
  6525 | D:5      | Learned a level 3 spell: Stone Arrow
  6671 | D:6      | Reached skill level 5 in Fighting
  6907 | D:7      | Found a staircase to the Ecumenical Temple.
  7041 | D:7      | Reached skill level 5 in Armour
  7079 | D:7      | Found an iron altar of Okawaru.
  7695 | D:7      | Gained mutation: You have a pair of horns on your head.
                  | [demonic ancestry]
  7695 | D:7      | Reached XP level 9. HP: 66/68 MP: 1/17
  8218 | D:8      | HP: 1/69 [poisoned by an orc wizard]
  8219 | D:8      | Succumbed to an orc wizard's poison

Illustrated notes

Levels and vault maps discovered:
D:1:      saegor_arrival_simple_c, layout_basic, kennysheep_boxes
D:2:      layout_basic, serial_shops, nicolae_shop_waterfront
D:3:      layout_rooms, ebering_ecumenical_altar_mist
D:4:      layout_layer_cave, marbit_many_paths, gammafunk_ghost_cemetery,
          chequers_hall_statues_wall_a, minmay_misc_feat_alley
D:5:      layout_loops_ring, nicolae_overflow_squiral, kennysheep_generic_room_9
D:6:      layout_basic, nicolae_vehumet_radiance,
          mainiacjoe_overflow_small_starburst, minmay_unpleasant_kobolds
D:7:      layout_loops_corners, old_standard_altar, minmay_temple_entry_fiery
D:8:      layout_loops_ring

Skill      XL: |  1  2  3  4  5  6  7  8  9 |
---------------+----------------------------+-----
Fighting       | 1 2 3 4 5 |  5.7
Earth Magic    | 3 4 5 6 |  6.0
Spellcasting   | 3 4 5 |  5.8
Armour         | 2 3 5 6 |  6.0
Dodging        | |  1.7
Stealth        | |  1.7
Transmutations | |  0.8

Action                   |  1- 3 |  4- 6 |  7- 9 || total
-------------------------+-------+-------+-------++-------
Melee: Hand axe          |     6 |       |       ||     6
       Short sword       |     1 |    24 |   114 ||   139
       Headbutt          |       |       |    22 ||    22
       Punch             |       |       |     2 ||     2
 Cast: Sandblast         |    46 |    78 |   103 ||   227
       Passwall          |       |       |     1 ||     1
       Stone Arrow       |       |       |    13 ||    13
  Use: Scroll            |       |     2 |     2 ||     4
       Potion            |       |       |     3 ||     3
 Stab: Sleeping          |     1 |       |     1 ||     2
Armor: Robe              |    10 |     7 |       ||    17
       Ring mail         |       |    18 |    77 ||    95
Dodge: Dodged            |    18 |    62 |   116 ||   196
